 Dungeon Crawl Stone Soup version 0.19.0-2-gae57169 (webtiles) character file.

3768 Jerry the Jinx (level 9, -8/61 HPs)
             Began as a Vampire Enchanter on Nov 2, 2016.
             Was a Follower of Makhleb.
             Shot with an arrow by a centaur (18 damage)
             ... on level 8 of the Dungeon.
             The game lasted 00:49:09 (8724 turns).

Jerry the Jinx (Vampire Enchanter)                  Turns: 8724, Time: 00:49:10

Health: -8/61      AC:  4    Str:  7    XL:     9   Next: 94%
Magic:  9/15       EV: 13    Int: 15    God:    Makhleb [*.....]
Gold:   504        SH:  0    Dex: 17    Spells: 3 memorised, 10 levels left

rFire  . . .     SeeInvis +     s - +1 dagger (flame)
rCold  + + .     Gourm    .     b - +1 robe
rNeg   + + +     Faith    .     (no shield)
rPois  ∞         Spirit   .     (no helmet)
rElec  .         Reflect  .     i - +0 cloak
rCorr  .         Harm     .     (no gloves)
MR     .....                    (no boots)
Stlth  +++++++...               (no amulet)
                                j - -3 ring of intelligence (curse)
                                f - ring of wizardry

@: bloodless, non-regenerating
A: fangs 3, see invisible, unbreathing
a: Bat Form, Renounce Religion


You were on level 8 of the Dungeon.
You worshipped Makhleb.
Makhleb was aware of your devotion.
You were bloodless.

You visited 2 branches of the dungeon, and saw 9 of its levels.

You collected 504 gold pieces.

Inventory:

Hand Weapons
 s - a +1 dagger of flaming (weapon)
Missiles
 m - a throwing net (quivered)
Armour
 b - a +1 robe (worn)
 i - a +0 cloak (worn)
Jewellery
 f - a ring of wizardry (left hand)
 j - a cursed -3 ring of intelligence (right hand)
 n - a +2 ring of intelligence
Scrolls
 d - 2 scrolls of enchant weapon {unknown}
 e - 6 scrolls of remove curse
 g - 2 scrolls of magic mapping {unknown}
 h - 9 scrolls of identify {unknown}
 k - 2 scrolls of noise {unknown}
 l - a scroll of recharging {unknown}
 o - 4 scrolls of fear {unknown}
 p - 3 scrolls of fog {unknown}
 q - 3 scrolls of teleportation
 r - a scroll of blinking
 t - a scroll of enchant armour {unknown}
 u - a scroll of immolation {unknown}
 y - a scroll of amnesia {unknown}
Potions
 a - a potion of curing
 v - a potion of ambrosia {unknown}
 w - 2 potions of blood
 x - a potion of flight
 z - a potion of lignification {unknown}
 A - a potion of might {unknown}
 B - a potion of brilliance {unknown}
Books
 c - a book of Maledictions

   Spells                             Type                      Level
   a - Corona                         Hexes                        1
   b - Ensorcelled Hibernation        Hexes/Ice                    2
   c - Confuse                        Hexes                        3
   d - Tukima's Dance                 Hexes                        3
   e - Dazzling Spray                 Conjuration/Hexes            3


   Skills:
 + Level 2.2 Fighting
 - Level 9.3 Short Blades
 - Level 2.1 Dodging
 - Level 10.0 Stealth
 - Level 4.3 Spellcasting
 + Level 12.3 Hexes
 - Level 1.2 Ice Magic


You had 10 spell levels left.
You knew the following spells:

 Your Spells              Type           Power        Failure   Level  Hunger
a - Corona                Hex            #####..      1%          1    None
b - Ensorcelled Hibernat  Hex/Ice        ###...       1%          2    ##.....
c - Confuse               Hex            #####...     1%          3    ###....


Dungeon Overview and Level Annotations

Branches:
Dungeon (8/15)             Temple (1/1) D:6
   Lair: D:8-11

Altars:
Ashenzari
Cheibriados
Dithmenos
Elyvilon
Fedhas
Gozag
Hepliaklqana
Kikubaaqudgha
Makhleb
Nemelex Xobeh
Okawaru
Qazlal
Ru
Sif Muna
Trog
Uskayaw
Vehumet
Xom
Yredelemnul
Zin
The Shining One

Annotations:
D:8 Gastronok


Innate Abilities, Weirdness & Mutations

You do not heal naturally.
You are immune to poison.
You have razor-sharp teeth.
You have supernaturally acute eyesight. (SInv)
You can survive without breathing.


Message History

Aim: an orc warrior, wielding a mace and wearing a chain mail (chance to defeat MR: 67%)
The orc warrior appears confused.
You feel devoid of blood!
The orc warrior hits the orc with a mace.
You barely miss the orc.
The orc is almost dead.
You hit the orc but do no damage.
The orc is almost dead.
The orc barely misses you.
You hit the orc. You burn the orc.
You kill the orc!
Makhleb accepts your kill.
Gastronok waves his eye-stalks in wide circles.
The air twists around and strikes you!
Ouch! That really hurt!
* * * LOW HITPOINT WARNING * * *
Gastronok casts a spell.
Gastronok puts on a burst of speed!
The centaur shoots an arrow.
The arrow hits you!!
You die...

......# #.# ..##.# #.#
#. #(##w# #.# ###
#..#(##.# #.# ##.##
#.....co# #.# #....
#......)# ##.## ##.##
##...##.# ##...## #.#
#!.(##.#####.....####.##
#...##.@..............#.
##.###########.########.
.c #.# #. ... #.# #.
##'## #. ##...## #.
##.)...## #.
##.......#####.
#.........##...


You could see Gastronok, an orc warrior (confused) and a centaur.

Vanquished Creatures
  Pikel (D:7)
  Sigmund (D:2)
  A hungry ghost (D:7)
  Menkaure (D:6)
  Edmund (D:6)
  4 slaves (D:6)
  An orc warrior (D:4)
  2 ice beasts (D:7)
  3 centaurs
  4 ogres
  Blork the orc (D:6)
  4 bullfrogs
  A scorpion (D:7)
  A water moccasin skeleton (D:4)
  7 wights (D:6)
  4 howler monkeys
  3 crimson imps
  A bullfrog zombie (D:7)
  3 jellies
  3 hounds
  An orc wizard (D:8)
  3 bullfrog skeletons
  An orc priest (D:3)
  2 gnoll shamans
  2 iguanas (D:6)
  5 worker ants
  A killer bee zombie (D:7)
  A hound skeleton (D:7)
  17 gnolls
  A howler monkey skeleton (D:5)
  7 adders
  An ooze (D:4)
  3 adder skeletons
  A worm (D:2)
  4 dart slugs
  2 leopard geckos (D:7)
  10 orcs
  4 giant cockroaches
  6 goblins
  8 hobgoblins
  5 jackals
  5 quokkas
  2 ball pythons
  3 bats
  7 frilled lizards
  A giant cockroach zombie (D:6)
  5 kobolds
  A quokka skeleton (D:5)
  9 rats
165 creatures vanquished.

Notes
Turn   | Place    | Note
-------+----------+-------------------------------------------
     0 | D:1      | Jerry the Vampire Enchanter began the quest for the Orb.
     0 | D:1      | Reached XP level 1. HP: 13/13 MP: 3/3
   251 | D:1      | Reached XP level 2. HP: 19/19 MP: 5/5
   255 | D:1      | Learned a level 2 spell: Ensorcelled Hibernation
   684 | D:2      | Reached skill level 5 in Stealth
   684 | D:2      | Reached skill level 5 in Hexes
   753 | D:2      | Reached XP level 3. HP: 24/24 MP: 1/6
   913 | D:2      | Learned a level 3 spell: Confuse
  1126 | D:2      | Noticed Sigmund
  1129 | D:2      | Killed Sigmund
  1129 | D:2      | Reached skill level 6 in Hexes
  1129 | D:2      | Reached XP level 4. HP: 21/33 MP: 2/7
  1129 | D:2      | Reached XP level 5. HP: 24/38 MP: 2/8
  1479 | D:2      | Found a deep blue altar of Sif Muna.
  1899 | D:3      | Found a bloodstained altar of Trog.
  1904 | D:3      | Reached XP level 6. HP: 40/44 MP: 4/9
  2903 | D:4      | Reached XP level 7. HP: 50/50 MP: 7/10
  3300 | D:4      | Reached skill level 5 in Short Blades
  3768 | D:5      | Entered Level 5 of the Dungeon
  3937 | D:5      | Found a shattered altar of Ashenzari.
  4052 | D:5      | Reached skill level 10 in Stealth
  4301 | D:5      | Reached skill level 7 in Hexes
  4301 | D:5      | Reached XP level 8. HP: 56/56 MP: 7/11
  4605 | D:6      | Noticed Pikel
  4753 | D:6      | Reached skill level 8 in Hexes
  5373 | D:6      | Found a staircase to the Ecumenical Temple.
  5380 | Temple   | Entered the Ecumenical Temple
  5467 | Temple   | Became a worshipper of Makhleb the Destroyer
  5979 | D:6      | Noticed Menkaure
  5984 | D:6      | Killed Menkaure
  5984 | D:6      | Reached skill level 9 in Hexes
  6372 | D:6      | Noticed Edmund
  6377 | D:6      | Killed Edmund
  6628 | D:6      | Reached XP level 9. HP: 55/61 MP: 0/13
  7057 | D:6      | Noticed Blork the orc
  7063 | D:6      | Killed Blork the orc
  7063 | D:6      | Reached skill level 10 in Hexes
  7444 | D:7      | Killed Pikel
  7444 | D:7      | Reached skill level 11 in Hexes
  7473 | D:7      | Reached * piety under Makhleb
  7477 | D:7      | Reached skill level 1 in Ice Magic
  7612 | D:7      | Found a hazy altar of Hepliaklqana.
  7620 | D:7      | Found a glowing silver altar of Zin.
  7991 | D:7      | Reached skill level 12 in Hexes
  8090 | D:7      | Found a stormy altar of Qazlal.
  8091 | D:7      | Found a glowing golden altar of the Shining One.
  8128 | D:8      | Found an ancient bone altar of Kikubaaqudgha.
  8257 | D:8      | Noticed Gastronok
  8724 | D:8      | Shot with an arrow by a centaur

Skill      XL: |  1  2  3  4  5  6  7  8  9 |
---------------+----------------------------+-----
Short Blades   | 2 4 6 7 9 |  9.3
Stealth        | 5 6 8 10 | 10.0
Hexes          | 5 6 7 9 12 | 12.3
Fighting       | 2 |  2.2
Spellcasting   | 3 4 |  4.3
Ice Magic      | 1 |  1.2
Dodging        | |  2.1

Action                   |  1- 3 |  4- 6 |  7- 9 || total
-------------------------+-------+-------+-------++-------
Melee: Dagger            |    93 |    87 |   263 ||   443
       Bite              |     3 |     2 |    17 ||    22
 Cast: Ensorcelled Hiber |    18 |    24 |    75 ||   117
       Confuse           |       |     4 |    45 ||    49
 Abil: End Transformatio |       |       |     1 ||     1
       Bat Form          |       |       |     1 ||     1
  Use: Scroll            |     3 |       |       ||     3
       Potion            |     3 |     3 |    15 ||    21
 Stab: Sleeping          |    17 |    23 |    67 ||   107
       Distracted        |     2 |       |       ||     2
       Confused          |       |     2 |    19 ||    21
Armor: Robe              |    24 |    25 |    19 ||    68
Dodge: Dodged            |    46 |    61 |    94 ||   201
